 Dungeon Crawl Stone Soup version 0.25-a0-458-g6fc7858b95 (webtiles) character file.

Game seed: 17610557352855613884, levelgen mode: deterministic

48 Gargoyl the Skirmisher (level 3, 0/21 HPs)
             Began as a Centaur Abyssal Knight on Feb 1, 2020.
             Was a Follower of Lugonu.
             Succumbed to a kobold's poison
             ... on level 2 of the Dungeon.
             The game lasted 00:02:50 (1745 turns).

Gargoyl the Skirmisher (Centaur Abyssal Knight)     Turns: 1745, Time: 00:02:50

Health: 0/21       AC:  7    Str: 10      XL:     3   Next: 50%
Magic:  4/4        EV:  6    Int: 11 (14) God:    Lugonu [*.....]
Gold:   142        SH:  0    Dex:  8 (9)  Spells: 2/2 levels left

rFire    . . .     SeeInvis .   h - +1 war axe (elec)
rCold    . . .     Gourm    .   (no shield)
rNeg     . . .     Faith    .   f - +0 scale mail
rPois    .         Spirit   .   g - +0 helmet {Int+3}
rElec    .         Reflect  .   (no cloak)
rCorr    .         Harm     .   (no gloves)
MR       .....                  (no barding)
Stlth    ..........             (no amulet)
HPRegen  0.07/turn              (no ring)
MPRegen  0.09/turn              (no ring)

@: lethally poisoned (0 -> -4), hasted, very quick
A: large, hooves 3, deformed body, [deterioration 2], speed 2, [frail 3],
[screaming 2], tough skin 3, [weak 2]
a: Depart the Abyss, Renounce Religion


You were on level 2 of the Dungeon.
You worshipped Lugonu.
Lugonu was aware of your devotion.
You were near starving.

You visited 1 branch of the dungeon, and saw 2 of its levels.
You visited the Abyss 1 time.

You collected 142 gold pieces.

Inventory:

Hand Weapons
 a - a +1 hand axe
 h - a +1 war axe of electrocution (weapon)
Armour
 f - a +0 scale mail (worn)
 g - a +0 helmet of intelligence (worn)
Scrolls
 b - a scroll of remove curse
 e - a scroll of identify
 i - 2 scrolls of teleportation
Potions
 d - 2 potions of haste
Comestibles
 c - 3 rations


   Skills:
 + Level 3.3 Fighting
 + Level 2.1 Axes
 * Level 2.1 Armour
 * Level 1.0 Dodging
 * Level 2.3 Invocations


You had 2 spell levels left.
You didn't know any spells.
Your spell library was empty.

Dungeon Overview and Level Annotations

Branches:
Dungeon (2/15)

Altars:

Annotations:
D:2 Terence


Innate Abilities, Weirdness & Mutations

You have hooves in place of feet.
Armour fits poorly on your strangely shaped body.
You cover ground very quickly.
You have extremely tough skin. (AC +3)
[Your body often deteriorates upon taking damage.]
[You are extremely frail. (-30% HP)]
[You sometimes yell uncontrollably at your foes.]
[You are very weak. (Str -4)]


Message History

* * * LOW HITPOINT WARNING * * *
You feel sick. The bat closely misses you. The bat hits you but does no damage.
Your surroundings suddenly seem different.
* * * LOW HITPOINT WARNING * * *
You feel sick.
* * * LOW HITPOINT WARNING * * *
You feel sick.
* * * LOW HITPOINT WARNING * * *
You feel sick.
* * * LOW HITPOINT WARNING * * *
You feel sick.
Found a faded altar of an unknown god.
There is a faded altar of an unknown god here.
* * * LOW HITPOINT WARNING * * *
You feel sick.
You yell at Terence!
Terence the Incautious comes into view.
He is wielding a +0 hand axe, wearing a +1 ring mail of fire resistance and carrying a wand of random effects (22).
Terence shouts!
You hear an angry hiss.
You hear a shout! x3
You die...

##_## #.# #.## #.# ##.
##.## #.###..... ##.#
#.....# ### #.###
####### #....#.#.##
...........# .#
.#...@.##..# .>.#
.......##.@### #...#
#####.#......# #...#
#.#.#..#.#### #...#
..#b#.......#####...###
##........(#......).....
...#.##.......S.......
#. ##....#...........[.
#...###.###.#.))#.# #..#
##.##.#...#


There were no monsters in sight!

Vanquished Creatures
  2 adders (D:2)
  A dart slug (D:1)
  A ball python (D:1)
  2 giant cockroaches (D:2)
  2 goblins (D:1)
  5 hobgoblins
  A quokka (D:2)
  2 bats (D:1)
  3 frilled lizards
  4 kobolds
  6 rats
29 creatures vanquished.

Notes
Turn   | Place    | Note
-------+----------+-------------------------------------------
     0 | Abyss:1  | Gargoyl the Centaur Abyssal Knight began the quest for the
                  | Orb.
     0 | Abyss:1  | Reached XP level 1. HP: 19/19 MP: 2/2
    39 | Abyss:1  | Noticed a large abomination
    67 | Abyss:1  | Noticed a raiju
    69 | Abyss:1  | Noticed a wretched star
    93 | Abyss:1  | Noticed an efreet
   173 | Abyss:3  | Noticed a large abomination
   182 | Abyss:3  | Noticed an ancient zyme
   202 | Abyss:3  | Noticed a small abomination
   205 | D:1      | Escaped the Abyss
   824 | D:1      | Reached XP level 2. HP: 17/18 MP: 3/3
  1004 | D:1      | Reached * piety under Lugonu
  1440 | D:2      | Reached XP level 3. HP: 21/21 MP: 4/4
  1469 | D:2      | Reached skill level 1 in Dodging
  1736 | D:2      | Found a faded altar of an unknown god.
  1738 | D:2      | HP: 1/21 [poisoned by a kobold]
  1742 | D:2      | Noticed Terence
  1745 | D:2      | Succumbed to a kobold's poison

Levels and vault maps discovered:
D:1:      dpeg_arrival_round_a, layout_loops_ring
D:2:      layout_loops_cross, first_ration, chequers_ecumenical_altar_twisty,
          uniq_terence

Skill      XL: |  1  2  3 |
---------------+----------+-----
Axes           | 2 |  2.1
Armour         | 2 |  2.1
Dodging        | 1 |  1.0
Fighting       | |  3.3
Invocations    | |  2.3

Action                   || total
-------------------------++-------
Melee: War axe           ||    75
       Kick              ||     6
Invok: Depart the Abyss  ||     1
  Use: Scroll            ||     7
       Potion            ||     1
Armor: Scale mail        ||    61
Dodge: Dodged            ||    33

Table legend:
 A = Non-vault XP
 B = Vault XP
 C = Vault XP percentage of total XP
 D = Non-vault monster count
 E = Vault monster count
 F = Vault count percentage of total count
                 A         B        C        D         E       F
            +---------+---------+-------+---------+---------+-------
      Total |      69 |       0 |   0.0 |      29 |       0 |   0.0
            +---------+---------+-------+---------+---------+-------
        D:1 |      29 |       0 |   0.0 |      19 |       0 |   0.0
        D:2 |      40 |       0 |   0.0 |      10 |       0 |   0.0
            +---------+---------+-------+---------+---------+-------
